 Dungeon Crawl Stone Soup version 0.28-a0-43-g560ac104fe (webtiles) character file.

Game seed: 8323297598284395363

6005 freelancePsychic the Fighter (level 11, -12/86 HPs)
             Began as a Djinni Ice Elementalist on July 29, 2021.
             Was a Follower of Makhleb.
             Mangled by a death yak (24 damage)
             ... on level 9 of the Dungeon.
             The game lasted 00:21:27 (11763 turns).

freelancePsychic the Fighter (DjIE)                Turns: 11763, Time: 00:21:28

Health: -12/86     AC: 10    Str:  7    XL:     11   Next: 10%
Gold:   540        EV: 12    Int: 20    God:    Makhleb [*.....] SH:  0 Dex: 14

rFire   + + .      SeeInvis .   (no weapon)
rCold   x . .      Faith    .   (no shield)
rNeg    . . .      Spirit   .   a - +0 robe
rPois   ∞          Reflect  .   m - +2 helmet
rElec   .          Harm     .   (no cloak)
rCorr   .          Rampage  .   c - +0 pair of gloves
Will    +....                   (boots unavailable)
Stlth   ++........              (no amulet)
HPRegen 0.24/turn               s - +4 ring of protection
MPRegen 0.00/turn               (no ring)

@: freezing walls, flying, very slightly contaminated
A: sickness immunity, fire resistance 2, cold vulnerability 1, float, innate
caster, hp casting, extra vitality 1
a: Renounce Religion


You were on level 9 of the Dungeon.
You worshipped Makhleb.
Makhleb was aware of your devotion.
You visited 2 branches of the dungeon, and saw 10 of its levels.
You also visited: Ossuary.

You collected 540 gold pieces.

Inventory:

Hand Weapons
 b - a +2 fustibalus of freezing
Missiles
 g - 82 stones
 u - 44 sling bullets
Armour
 a - a +0 robe (worn)
 c - a +0 pair of gloves (worn)
 m - a +2 helmet (worn)
Jewellery
 s - a +4 ring of protection (left hand)
Wands
 h - a wand of iceblast (16)
 n - a wand of polymorph (7)
 v - a wand of acid (9)
Scrolls
 i - a scroll of enchant armour {unknown}
 j - 2 scrolls of fog
 l - 3 scrolls of amnesia
 p - a scroll of noise {unknown}
 q - 3 scrolls of blinking {unknown}
 t - 5 scrolls of identify {@r1}
 x - a scroll of magic mapping
 y - a scroll of enchant weapon
Potions
 d - a potion of attraction
 e - 2 potions of curing {@q1}
 f - a potion of flight
 k - 2 potions of degeneration
 o - a potion of mutation {unknown}
 r - 2 potions of resistance {unknown}
 w - a potion of heal wounds {unknown}
 z - a potion of berserk rage {unknown}
 A - a potion of lignification {unknown}
 B - a potion of haste {@q3}


   Skills:
 + Level 10.4 Fighting
 - Level 5.0 Slings
 - Level 2.2 Dodging
 - Level 1.6 Stealth
 + Level 8.6 Spellcasting


You had 3 spell levels left.
You knew the following spells:

 Your Spells              Type           Power      Damage    Failure   Level
a - Lightning Bolt        Conj/Air       21%        1d36      6%          5
b - Frozen Ramparts       Ice            86%        1d10      1%          3
c - Ozocubu's Armour      Ice            43%        N/A       1%          3
d - Hailstorm             Conj/Ice       43%        3d10      2%          4
e - Wereblood             Tmut           43%        N/A       1%          2
f - Call Imp              Summ           43%        N/A       1%          2
g - Sandblast             Erth           86%        2d18      1%          1
h - Call Canine Familiar  Summ           43%        N/A       1%          3
i - Freeze                Ice            100%       1d11      1%          1
Your spell library was empty.

Dungeon Overview and Level Annotations

Branches:
Dungeon (9/15)             Temple (1/1) D:5         Ossuary (visited)
   Lair: D:8-11         Orc: D:9-12

Altars:
Ashenzari
Cheibriados
Dithmenos
Elyvilon
Fedhas
Gozag
Hepliaklqana
Makhleb
Nemelex Xobeh
Okawaru
Qazlal
Ru
Sif Muna
Trog
Uskayaw
Vehumet
Xom
Yredelemnul
Zin
The Shining One

Shops:
D:3 ?   D:6 [[:   D:7 (

Annotations:
D:2 Natasha
D:7 3 runed translucent doors, Joseph; garrulousMonolith's ghost, novice GnTm


Innate Abilities, Weirdness & Mutations

You are immune to sickness and miasma.
You are immune to poison.
Your flesh is very heat resistant. (rF++)
You are vulnerable to cold. (rC-)
You float through the air rather than walking.
You learn spells naturally, not from books.
Your magical power is your life essence.
You have superior vitality. (+4 HP)


Message History

Aiming: Lightning Bolt (dangerous; 6% risk of failure)
Press: ? - help, Shift-Dir - straight line, f/p - death yak
Aim: a death yak (88% to hit)
You miscast Lightning Bolt.
You are very lightly contaminated with residual magic.
Nothing appears to happen.
A death yak comes into view.
Casting: Lightning Bolt (dangerous; 6% risk of failure)
Confirm with . or Enter, or press ? or * to list all spells.
Aiming: Lightning Bolt (dangerous; 6% risk of failure)
Press: ? - help, Shift-Dir - straight line, f/p - death yak
Aim: a death yak (88% to hit)
You hear a mighty clap of thunder!
The bolt of lightning hits the death yak.
The death yak is lightly wounded.
The bolt of lightning hits the death yak!!
The death yak is heavily wounded.
The death yak bellows!
The wall freezes the death yak!
Casting: Lightning Bolt (dangerous; 6% risk of failure)
Confirm with . or Enter, or press ? or * to list all spells.
Aiming: Lightning Bolt (dangerous; 6% risk of failure)
Press: ? - help, Shift-Dir - straight line, f/p - death yak
Aim: a death yak (heavily wounded, 88% to hit)
You hear a mighty clap of thunder!
The bolt of lightning hits the death yak!
The death yak is severely wounded.
The wall freezes the death yak!
The death yak gores you!!
Casting: Lightning Bolt (dangerous; 6% risk of failure)
Confirm with . or Enter, or press ? or * to list all spells.
Aiming: Lightning Bolt (dangerous; 6% risk of failure)
Press: ? - help, Shift-Dir - straight line, f/p - death yak
Aim: a death yak (severely wounded, 88% to hit)
You miscast Lightning Bolt.
The air around you crackles with energy!
* * * LOW HITPOINT WARNING * * *
x2 The wall freezes the death yak.
The wall freezes the death yak!
The death yak snorts and paws the ground.
The death yak gores you!!
You die...

######...............###..#
##.........###............#
...##.###.............##.##
.####.# #........##..##.#
.####.##...#.##......###.#
.........#.#..#..#.....#.#
###....### #...###......# .
..### #....###..#... ## ..#
#..#@# #...... # ..#
#.##Y##..##... ..# #. #Y.#
.. #.. #. ##.# #. ..
#.......Y . ##...Y..#
.#..Y.. ###.... ....


You could see 2 death yaks.

Vanquished Creatures
  A two-headed ogre (D:8)
  3 centaur zombies (D:8)
  2 hornets
  Prince Ribbit (D:7)
  3 wyverns (D:8)
  2 yaks (D:9)
  2 vampire mosquitoes (D:6)
  Duvessa (D:7)
  2 water moccasins
  A sky beast (D:6)
  A black bear (D:7)
  An orc warrior (D:8)
  3 ice beasts
  2 ogres
  A centaur (D:8)
  Blork the orc (D:6)
  3 bullfrogs
  A kobold brigand (D:7)
  Dowan (D:7)
  4 scorpions
  A wyvern skeleton (D:7)
  A water moccasin skeleton (D:5)
  4 killer bees (D:8)
  5 wights
  7 howler monkeys
  2 electric eels (D:6)
  A jelly (D:6)
  3 centaur skeletons
  5 hounds
  A bullfrog skeleton (D:6)
  An iguana (D:5)
  Ijyb (D:5)
  Natasha (twice) (D:2)
  5 orc wizards
  A killer bee zombie (D:9)
  A hound skeleton (D:5)
  2 mummies (Ossuary)
  A shadow imp (D:6)
  A white imp (Temple)
  An adder zombie (Ossuary)
  8 worms
  3 dart slugs
  20 orcs
  3 endoplasms
  2 giant cockroaches (D:3)
  6 goblins
  8 hobgoblins
  5 quokkas
  A ball python (D:3)
  A bat (D:3)
  3 frilled lizards
  2 goblin zombies (Ossuary)
  6 hobgoblin zombies (Ossuary)
  A jackal zombie (Ossuary)
  5 kobolds
  8 kobold zombies (Ossuary)
  7 orc zombies (Ossuary)
  6 rats
177 creatures vanquished.

Vanquished Creatures (collateral kills)
  A wraith (D:8)
  A hornet zombie (D:8)
  A phantom (D:6)
  A wight (D:6)
  A white imp (D:6)
5 creatures vanquished.

Vanquished Creatures (others)
  An orc wizard (D:6)
1 creature vanquished.

Grand Total: 183 creatures vanquished

Notes
Turn   | Place    | Note
-------+----------+-------------------------------------------
     0 | D:1      | freelancePsychic the Djinni Ice Elementalist began the
                  | quest for the Orb.
     0 | D:1      | Reached XP level 1. HP: 15/15 MP: 0/0
   500 | D:1      | Reached XP level 2. HP: 22/22 MP: 0/0
   676 | D:1      | You are sucked into a shaft and drop 1 floor!
   700 | D:2      | Found a faded altar of an unknown god.
   821 | D:2      | Reached skill level 1 in Fighting
   852 | D:2      | Reached XP level 3. HP: 27/27 MP: 0/0
   852 | D:2      | Learned a level 1 spell: Sandblast
  1259 | D:2      | Noticed Natasha
  1263 | D:2      | Killed Natasha
  1264 | D:2      | Reached XP level 4. HP: 27/32 MP: 0/0
  1425 | D:2      | Noticed Natasha
  1442 | D:2      | Killed Natasha
  1473 | D:2      | Noticed Natasha
  1583 | D:3      | Identified a scroll of acquirement
  1583 | D:3      | Acquired a +1 fustibalus of freezing
  1620 | D:3      | Reached skill level 2 in Fighting
  1631 | D:3      | Found Fesebot's Magic Scroll Emporium.
  2024 | D:3      | Reached XP level 5. HP: 34/38 MP: 0/0
  2024 | D:3      | Learned a level 2 spell: Call Imp
  2081 | D:3      | Reached skill level 1 in Slings
  2593 | D:4      | Noticed an ogre
  2598 | D:4      | Killed an ogre
  2599 | D:4      | Reached skill level 3 in Fighting
  2599 | D:4      | Reached XP level 6. HP: 46/46 MP: 0/0
  2632 | D:4      | Found a basalt altar of Yredelemnul.
  2633 | D:4      | Found a stormy altar of Qazlal.
  2633 | D:4      | Found an opulent altar of Gozag.
  2663 | D:4      | Reached XP level 7. HP: 12/50 MP: 0/0
  2663 | D:4      | Learned a level 2 spell: Wereblood
  2717 | D:4      | Found a sand-covered staircase.
  2899 | Ossuary  | Entered an ossuary
  4342 | D:5      | Entered Level 5 of the Dungeon
  4439 | D:5      | Found a staircase to the Ecumenical Temple.
  4448 | Temple   | Entered the Ecumenical Temple
  4541 | Temple   | Became a worshipper of Ru the Awakened
  4583 | D:5      | Reached skill level 4 in Fighting
  4999 | D:5      | Reached XP level 8. HP: 54/58 MP: 0/0
  5355 | D:5      | Reached skill level 5 in Slings
  5765 | D:5      | Noticed Ijyb
  5785 | D:5      | Killed Ijyb
  5987 | D:6      | Found Puzei's Book Emporium.
  6013 | D:6      | Found a shimmering altar of Xom.
  6014 | D:6      | Found a hazy altar of Hepliaklqana.
  6015 | D:6      | Noticed a spectral ugly thing
  6022 | D:6      | Found a shadowy altar of Dithmenos.
  6032 | D:6      | Reached skill level 5 in Fighting
  6175 | D:6      | Noticed Blork the orc
  6185 | D:6      | Killed Blork the orc
  6186 | D:6      | Reached skill level 5 in Spellcasting
  6484 | D:6      | Reached XP level 9. HP: 62/66 MP: 0/0
  6484 | D:6      | Learned a level 3 spell: Call Canine Familiar
  6517 | D:6      | Reached skill level 6 in Fighting
  6631 | D:6      | Found Opipikee's Antique Armour Shop.
  6836 | D:6      | Found Wuomenyrogg's Armour Boutique.
  6890 | D:6      | Reached skill level 7 in Fighting
  7530 | D:6      | Identified the +6 long sword of the Ageing Scavenger
                  | {drain, *Rage rElec rF+ MP+9 Stlth+}
  7724 | D:7      | Noticed Joseph
  8068 | D:7      | Noticed Duvessa
  8068 | D:7      | Noticed Dowan
  8068 | D:7      | Noticed Prince Ribbit
  8211 | D:7      | Noticed a hornet
  8217 | D:7      | Killed a hornet
  8395 | D:7      | Killed Duvessa
  8396 | D:7      | Reached skill level 8 in Fighting
  8401 | D:7      | Killed Dowan
  8406 | D:7      | Found Meix's Weapon Shop.
  8604 | D:7      | Found a burning altar of Makhleb.
  8604 | D:7      | Found a faded altar of an unknown god.
  8612 | D:7      | Found a faded altar of an unknown god.
  8614 | D:7      | Fell from the grace of Ru
  8614 | D:7      | Became a worshipper of Makhleb the Destroyer
  8620 | D:7      | Reached XP level 10. HP: 62/76 MP: 0/0
  8686 | D:7      | Found a broken altar of Ashenzari.
  8688 | D:7      | Found a white marble altar of Elyvilon.
  8848 | D:7      | Found a runed translucent gate.
  8850 | D:7      | Found a runed translucent gate.
  8851 | D:7      | Found a runed translucent gate.
  8853 | D:7      | Noticed garrulousMonolith's ghost (novice GnTm)
  8925 | D:7      | Killed Prince Ribbit
  9336 | D:8      | Reached skill level 9 in Fighting
 10855 | D:8      | Noticed a two-headed ogre
 10863 | D:8      | Killed a two-headed ogre
 10864 | D:8      | Reached skill level 10 in Fighting
 10864 | D:8      | Reached XP level 11. HP: 31/85 MP: 0/0
 10864 | D:8      | Learned a level 5 spell: Lightning Bolt
 11709 | D:9      | Found an iron altar of Okawaru.
 11749 | D:9      | Noticed a death yak
 11758 | D:9      | Reached * piety under Makhleb
 11760 | D:9      | Noticed a death yak
 11763 | D:9      | Mangled by a death yak

Illustrated notes

Levels and vault maps discovered:
D:1:      minmay_arrival_arboretum_small, layout_basic
D:2:      layout_loops_ring, hellmonk_ecumenical_altar_prayer_group,
          minmay_misc_feat_tower, uniq_natasha
D:3:      minmay_inner_zag, layout_loops_cross, serial_shops, nicolae_shop_trees
D:4:      layout_basic, pdpol_wu_jian_five_deadly_venoms,
          chequers_temple_overflow_statue_of_worship, enter_ossuary_1,
          hangedman_decor_riveting
D:5:      layout_loops_cross, minmay_temple_entry_mist, minmay_crystal_water,
          uniq_ijyb
D:6:      lemuel_ice_spiral_2, layout_basic, regret_index_temple_of_mockery,
          lemuel_crystal_altar, serial_shops, shop_fountains, shop, shop,
          nicolae_lava_and_water, uniq_blork_the_orc
D:7:      layout_loops_cross, chequers_temple_overflow_minitemple, serial_shops,
          nicolae_shop_competitors_out_of_business, ebering_ghost_rock_garden,
          uniq_joseph, uniq_duvessa, uniq_prince_ribbit1
D:8:      layout_loops_ring, serial_aquarium, aquarium_bridge_long_separate
          [aquarium_subvault_bridge, aquarium_subvault_bridge,
          aquarium_subvault_window, aquarium_subvault_wall,
          aquarium_subvault_bridge, aquarium_subvault_wall],
          aquarium_bridge_straight [aquarium_subvault_bridge,
          aquarium_subvault_balcony, aquarium_subvault_bridge,
          aquarium_subvault_wall], aquarium_window_corner, aquarium_window_fake,
          aquarium_view_2e, aquarium_pool_2, grunt_ministairs_1
D:9:      layout_rooms, kennysheep_mini, dpeg_lair_monsters,
          kennysheep_small_spiral
Temple:   dpeg_three_leaves_temple

Skill      XL: |  1  2  3  4  5  6  7  8  9 10 |
---------------+-------------------------------+-----
Fighting       | 1 2 3 4 5 8 10 | 10.4
Spellcasting   | 4 5 6 8 |  8.6
Slings         | 2 3 4 5 |  5.0
Dodging        | |  2.2
Stealth        | |  1.6

Action                   |  1- 3 |  4- 6 |  7- 9 | 10-12 || total
-------------------------+-------+-------+-------+-------++-------
Melee: Unarmed           |       |       |    83 |     1 ||    84
 Fire: Hunting sling     |    39 |     5 |       |       ||    44
       Fustibalus        |       |    91 |   319 |   123 ||   533
 Cast: Freeze            |     9 |       |    11 |       ||    20
       Frozen Ramparts   |       |     2 |    25 |     8 ||    35
       Ozocubu's Armour  |       |     1 |    13 |       ||    14
       Wereblood         |       |       |     3 |     1 ||     4
       Hailstorm         |       |       |     3 |    14 ||    17
       Call Canine Famil |       |       |    10 |     5 ||    15
       Lightning Bolt    |       |       |       |    14 ||    14
  Use: Scroll            |       |     7 |     3 |       ||    10
       Potion            |       |       |     6 |       ||     6
Armor: Robe              |     3 |    18 |   119 |    52 ||   192
Dodge: Dodged            |     2 |    27 |   210 |    48 ||   287

Table legend: (Time is in decaauts)
 A = Elapsed time spent in this place.
 B = Non-inter-level travel time spent in this place.
 C = Inter-level travel time spent in this place.
 D = Time resting spent in this place.
 E = Time spent auto-exploring this place.
 F = Levels seen in this place.
 G = Mean time per level.
                   A        B        C        D        E       F      G
               +--------+--------+--------+--------+--------+-----+--------+
         Total |  11886 |  11516 |    370 |   2204 |   7472 |  11 | 1080.5 |
       Dungeon |  11232 |  10871 |    361 |   1921 |   7347 |   9 | 1248.0 |
        Temple |    394 |    386 |      8 |    283 |     65 |   1 |  394.0 |
       Ossuary |    258 |    258 |      0 |      0 |     60 |   1 |  258.0 |
               +--------+--------+--------+--------+--------+-----+--------+

Top non-repeatable levels by time:
     D:8: 2291 daAuts
     D:6: 1962 daAuts
     D:3: 1557 daAuts
     D:7: 1427 daAuts
     D:5: 1238 daAuts
     D:4: 1110 daAuts
     D:2: 813 daAuts
     D:1: 677 daAuts
  Temple: 394 daAuts
 Ossuary: 258 daAuts
     D:9: 154 daAuts
